 Dungeon Crawl Stone Soup version 0.14.0-12-g87ee3b7 (webtiles) character file.

9689 Ortelius the Covert (level 11, -23/56 HPs)
             Began as a Spriggan Assassin on Apr 12, 2014.
             Killed from afar by Fannar (38 damage)
             ... with a bolt of cold
             ... on Level 12 of the Dungeon on Apr 14, 2014.
             The game lasted 01:40:17 (13473 turns).

Ortelius the Covert (Spriggan Assassin)            Turns: 13473, Time: 01:40:28

HP -23/56        AC  5     Str  7      XL: 11   Next: 23%
MP   7/7         EV 24     Int 12      God:
Gold 248         SH 16     Dex 20 (22) Spells:  0 memorised, 10 levels left

rFire  + + +     SeeInvis +     m - +3,+6 demon whip "Spellbinder" {antimagic, MR+}
rCold  . . .     Clarity  .     H - +2 robe {rF+}
rNeg   . . .     Conserve .     j - +0 buckler
rPois  +         rCorr    .     l - +0 hat
rElec  .         rRot     .     R - +0 cloak {MR+}
SustAb . .       Spirit   .     (gloves unavailable)
rMut   .         Warding  .     (boots unavailable)
Saprov . . .     Stasis   .     w - amulet "Twibb" {Gourm rF+}
MR     ++++.                    E - ring of poison resistance
                                p - ring of protection from fire

@: very slightly contaminated, drained, very quick, incredibly resistant to
hostile enchantments, extremely stealthy
A: unfitting armour, see invisible, deterioration 1, herbivore 3, speed 3, low
mp 1, magic resistance 1, slow metabolism 2
a: no special abilities


You were on level 12 of the Dungeon.
You were full.

You visited 1 branch of the dungeon, and saw 14 of its levels.

You collected 732 gold pieces.
You spent 484 gold pieces at shops.

Inventory:

Hand weapons
 a - a +1,+3 short sword of flaming
 b - a +0 blowgun
 m - the +3,+6 demon whip "Spellbinder" (weapon) {antimagic, MR+}
   (You acquired it on level 11 of the Dungeon)

   It disrupts the flow of magical energy around spellcasters and certain
   magical creatures (including the wielder).
   It affects your resistance to hostile enchantments.
 Y - a +0,+0 bow
Missiles
 k - 8 darts (quivered)
 Z - 15 arrows
Armour
 j - a +0 buckler (worn)
 l - a +0 hat (worn)
 H - a +2 robe of fire resistance (worn)
 R - a +0 cloak of magic resistance (worn)
Magical devices
 n - a wand of cold (10)
 A - a wand of polymorph (13)
 J - a wand of random effects (14)
 M - a wand of slowing (9)
 N - a wand of teleportation (3)
 O - a wand of random effects (14)
Comestibles
 q - a bread ration
Scrolls
 i - 6 scrolls of remove curse
 r - a scroll of teleportation
 s - 3 scrolls of amnesia
 u - 2 scrolls of recharging
 U - a scroll of fear
Jewellery
 e - the ring of Miufupn {Ice Hunger Int-1}
   (You bought it in a shop on level 14 of the Dungeon)

   [ring of ice]

   It affects your intelligence (-1).
   It speeds your metabolism.
 h - an uncursed amulet of rage
 p - a ring of protection from fire (left hand)
 w - the amulet "Twibb" (around neck) {Gourm rF+}
   (You found it on level 14 of the Dungeon)

   [amulet of the gourmand]

   It protects you from fire.
 E - a ring of poison resistance (right hand)
 S - a +1 ring of protection
Potions
 c - a potion of heal wounds
 f - a potion of degeneration
 g - a potion of porridge
 o - 3 potions of agility
 x - a potion of confusion
 z - a potion of might
 B - a potion of invisibility {unknown}
 C - a potion of restore abilities {unknown}
 D - a potion of poison {unknown}
 F - a potion of resistance {unknown}
 G - a potion of cure mutation {unknown}
 L - a potion of berserk rage {unknown}
Books
 Q - a book of Dreams

   Spells                             Type                      Level
   Ensorcelled Hibernation            Hexes/Ice                    2
   Flight                             Charms/Air                   3
   Phase Shift                        Translocation                5
   Shadow Creatures                   Summoning                    5
   Mass Confusion                     Hexes                        6
   Darkness                           Hexes                        7
 V - a book of the Sky

   Spells                             Type                      Level
   Flight                             Charms/Air                   3
   Airstrike                          Air                          4
   Silence                            Hexes/Air                    5
   Deflect Missiles                   Charms/Air                   6
   Conjure Ball Lightning             Conjuration/Air              6
   Tornado                            Air                          9
 X - a book of the Warp

   Spells                             Type                      Level
   Control Teleport                   Charms/Translocation         4
   Phase Shift                        Translocation                5
   Warp Weapon                        Charms/Translocation         5
   Summon Forest                      Summoning/Translocation      5
   Dispersal                          Translocation                6
   Controlled Blink                   Translocation                7
   Disjunction                        Translocation                8
Miscellaneous
 t - a crystal ball of energy


   Skills:
 - Level 6.0(5.4) Fighting
 - Level 8.0(7.4) Short Blades
 * Level 5.0(4.4) Maces & Flails
 - Level 8.0(7.4) Throwing
 - Level 8.0(7.4) Dodging
 - Level 9.6(8.9) Stealth
 - Level 5.0(4.4) Shields
 - Level 6.0(5.4) Evocations


You had 10 spell levels left.
You didn't know any spells.

Dungeon Overview and Level Annotations

Branches:
Dungeon (14/15)            Temple (0/1) D:6
    Orc: D:9-12        Lair: D:8-11      Vaults: D:13-14

Altars:
Ashenzari
Cheibriados
Elyvilon
Makhleb
Trog
Vehumet
Yredelemnul

Shops:
D:14 =

Annotations:
D:6 Pikel
D:12 Fannar


Innate Abilities, Weirdness & Mutations

You are tiny and cannot use many weapons and most armour.
You have supernaturally acute eyesight.
You are a herbivore.
You cover ground extremely quickly.
You need consume almost no food.
Your body is slowly deteriorating.
Your magical capacity is low (-10% MP).
You are resistant to hostile enchantments.


Message History

The centaur shoots an arrow.
You block the arrow.
You see here an arrow.
You whack the adder!
You kill the adder!
The centaur shoots an arrow.
The arrow misses you.
The centaur shoots an arrow.
The arrow misses you.
Read which item? (? for menu, Esc to quit)
Blink to where?
Press: ? - help, Dir - move target cursor
As you read the scroll of blinking, it crumbles to dust.
You are very lightly contaminated with residual magic.
Fannar zaps a wand.
The bolt of negative energy hits you!
You feel drained.
You closely miss Fannar.
The centaur shoots an arrow.
The arrow hits you! The hill giant zombie hits you!
* * * LOW HITPOINT WARNING * * *
Fannar gestures at you while chanting. The bolt of cold hits you!
One of your 2 potions of confusion freezes and shatters!
Ouch! That really hurt!
You die...

.......(..(...........
#........(..#######..>.
#.......ยง...# #...Z
........%8..# #yz..
#...........# #yc..
#...........# #y###
#......cz...# #(#
#......e....# #.#
#.....@Zz..># #.#
#########F.....(....#
#.#
........<.............
...
#################.....
..... ..... ....e.. ...
......e. . .....e...
.......e ...


You could see Fannar, a giant frog (sleeping), a centaur, 2 wights and a hill
giant zombie.

Vanquished Creatures
  The ghost of mk83 the Cleaver, a powerful DDFi of Elyvilon (D:11)
  A hydra (D:11)
  Erolcha (D:8)
  A hill giant (D:11)
  Maurice (D:8)
  A gargoyle (D:11)
  A troll (D:11)
  A two-headed ogre (D:11)
  A hippogriff (D:7)
  2 wyverns (D:11)
  A hungry ghost (D:7)
  3 yaks (D:11)
  A soldier ant (D:12)
  A necrophage (D:12)
  4 slaves
  An orc warrior (D:8)
  A phantom (D:5)
  2 ice beasts
  3 centaurs
  10 big kobolds (D:7)
  Sigmund (D:7)
  2 giant frogs (D:8)
  Blork the orc (D:5)
  3 scorpions
  29 killer bees
  A hippogriff skeleton (D:8)
  4 wights (D:11)
  A quasit (D:7)
  2 crimson imps
  2 jellies
  2 goliath beetles
  7 orc priests
  A centaur zombie (D:9)
  6 hounds
  Crazy Yiuf (D:3)
  10 orc wizards
  A black bear skeleton (D:8)
  An iguana (D:8)
  Natasha (thrice) (D:5)
  A giant frog skeleton (D:7)
  10 worker ants
  Jessica (D:3)
  10 adders
  2 gnolls
  3 orc zombies
  A giant mite (D:2)
  A white imp (D:5)
  2 shadow imps (D:11)
  3 worms
  A giant eyeball (D:6)
  6 giant geckos
  2 oozes
  34 orcs
  2 ball pythons
  5 giant cockroaches
  12 goblins
  16 hobgoblins
  3 jackals
  29 kobolds
  7 quokkas
  11 bats
  A giant gecko skeleton (D:6)
  2 giant newts
  A giant spore (D:8)
  A goblin skeleton (D:4)
  A hobgoblin zombie (D:7)
  A kobold skeleton (D:8)
  A quokka zombie (D:5)
  10 rats
  2 rat skeletons
  A fungus (D:3)
299 creatures vanquished.

Vanquished Creatures (others)
  A big kobold (D:7)
  A giant frog (D:7)
  A giant eyeball (D:7)
  A hobgoblin (D:7)
  A giant spore (D:7)
5 creatures vanquished.

Grand Total: 304 creatures vanquished

Notes
Turn   | Place    | Note
--------------------------------------------------------------
     0 | D:1      | Ortelius, the Spriggan Assassin, began the quest for the Orb.
     0 | D:1      | Reached XP level 1. HP: 10/10 MP: 2/2
   262 | D:1      | Reached XP level 2. HP: 11/14 MP: 4/4
  1050 | D:2      | Reached XP level 3. HP: 9/18 MP: 6/6
  1138 | D:2      | Reached skill level 5 in Dodging
  1278 | D:2      | Reached XP level 4. HP: 20/22 MP: 8/8
  1636 | D:2      | Found a snail-covered altar of Cheibriados.
  1657 | D:2      | Reached skill level 6 in Dodging
  1868 | D:3      | Noticed Jessica
  1880 | D:3      | Killed Jessica
  2008 | D:3      | HP: 1/22 [orc priest/falchion (8)]
  2012 | D:3      | Reached skill level 7 in Dodging
  2012 | D:3      | Reached XP level 5. HP: 1/25 MP: 10/10
  2631 | D:3      | Found a bloodstained altar of Trog.
  2668 | D:3      | Reached skill level 8 in Dodging
  2903 | D:3      | Gained mutation: Your body is slowly deteriorating. [potion of mutation]
  2903 | D:3      | Gained mutation: You are resistant to hostile enchantments. [potion of mutation]
  2903 | D:3      | Gained mutation: Your magical capacity is low (-10% MP). [potion of mutation]
  3144 | D:3      | Noticed Crazy Yiuf
  3185 | D:3      | Killed Crazy Yiuf
  3185 | D:3      | Reached XP level 6. HP: 18/30 MP: 10/10
  3723 | D:4      | Upgraded the game from 0.14.0-7-g2801ba0 to 0.14.0-9-g9c5475a
  3897 | D:5      | Entered Level 5 of the Dungeon
  3950 | D:4      | Reached XP level 7. HP: 8/33 MP: 12/12
  4245 | D:5      | Noticed Natasha
  4258 | D:5      | Killed Natasha
  4586 | D:5      | Noticed Natasha
  4591 | D:5      | Killed Natasha
  4889 | D:5      | Noticed Blork the orc
  4906 | D:5      | Killed Blork the orc
  4973 | D:5      | Found a radiant altar of Vehumet.
  4974 | D:5      | Found a burning altar of Makhleb.
  5035 | D:5      | Noticed Natasha
  5049 | D:5      | Killed Natasha
  5473 | D:5      | Reached skill level 5 in Short Blades
  5673 | D:6      | Found a staircase to the Ecumenical Temple.
  5681 | D:6      | Reached skill level 5 in Throwing
  5777 | D:6      | Reached XP level 8. HP: 20/37 MP: 14/14
  5976 | D:6      | Paralysed by a giant eyeball for 4 turns
  7111 | D:7      | Reached XP level 9. HP: 35/41 MP: 16/16
  7406 | D:7      | Found a basalt altar of Yredelemnul.
  7727 | D:7      | Paralysed by a giant eyeball for 4 turns
  8100 | D:6      | Found a white marble altar of Elyvilon.
  8141 | D:7      | Noticed Pikel
  8985 | D:7      | Noticed Sigmund
  9000 | D:7      | Killed Sigmund
  9000 | D:7      | Reached skill level 5 in Fighting
  9415 | D:8      | Noticed Maurice
  9694 | D:8      | Found a basalt altar of Yredelemnul.
  9996 | D:8      | Noticed Erolcha
 10027 | D:8      | Killed Erolcha
 10027 | D:8      | Reached XP level 10. HP: 12/53 MP: 18/21
 10386 | D:8      | Reached skill level 1 in Shields
 10468 | D:8      | Killed Maurice
 10803 | D:9      | Noticed a gargoyle
 10835 | D:10     | Entered Level 10 of the Dungeon
 11182 | D:11     | Found a white marble altar of Elyvilon.
 11349 | D:11     | Upgraded the game from 0.14.0-9-g9c5475a to 0.14.0-12-g87ee3b7
 11377 | D:11     | Found a bloodstained altar of Trog.
 11378 | D:11     | Noticed a six-headed hydra
 11392 | D:11     | Killed a hydra
 11392 | D:11     | Reached skill level 5 in Shields
 11714 | D:11     | Identified a scroll of acquirement
 11747 | D:11     | Reached skill level 9 in Stealth
 11900 | D:11     | Reached skill level 1 in Maces & Flails
 11941 | D:11     | Noticed mk83's ghost (powerful DDFi)
 11979 | D:11     | Killed mk83's ghost
 12157 | D:11     | Reached XP level 11. HP: 29/56 MP: 7/22
 12384 | D:11     | You fall through a shaft for 3 floors!
 12402 | D:14     | Got a scintillating lead amulet
 12403 | D:14     | Identified the amulet "Twibb" {Gourm rF+} (You found it on level 14 of the Dungeon)
 12477 | D:14     | Found a shattered altar of Ashenzari.
 12587 | D:14     | Found Vanaijatz's Jewellery Shoppe.
 12590 | D:14     | Bought the ring of Miufupn {Ice Hunger Int-1} for 484 gold pieces
 12653 | D:13     | Noticed an eight-headed hydra
 12653 | D:13     | Noticed a hill giant
 12655 | D:13     | Noticed a glowing long sword
 12851 | D:11     | Noticed a hill giant
 12864 | D:11     | Killed a hill giant
 13269 | D:12     | Noticed Fannar
 13333 | D:11     | Reached skill level 5 in Maces & Flails
 13473 | D:12     | Killed from afar by Fannar

Action                   |  1- 3 |  4- 6 |  7- 9 | 10-12 || total
-------------------------+-------+-------+-------+-------++-------
Melee: Dagger            |    22 |    29 |       |       ||    51
       Short sword       |       |    44 |   589 |   169 ||   802
       Demon whip        |       |       |       |   142 ||   142
 Fire: Blowgun           |    50 |   109 |    62 |       ||   221
Throw: Dart              |    44 |    92 |   138 |   151 ||   425
       Throwing net      |       |       |    33 |       ||    33
Evoke: Wand              |       |     1 |    26 |    18 ||    45
  Use: Scroll            |     6 |    10 |     6 |    12 ||    34
       Potion            |       |     4 |     8 |     2 ||    14
 Stab: Sleeping          |       |       |    13 |     5 ||    18
       Held in net/web   |       |       |     7 |       ||     7
